 Dungeon Crawl Stone Soup version 0.13-a0-2519-g3c5fe84 (webtiles) character file.

187 Kae the Firebug (level 3, 16/19 HPs)
             Began as a Tengu Fire Elementalist on July 24, 2013.
             Quit the game on Level 2 of the Dungeon.
             The game lasted 00:04:06 (1892 turns).

Kae the Firebug (Tengu Fire Elementalist)           Turns: 1892, Time: 00:04:06

HP  16/19        AC  2     Str  8      XL: 3   Next: 66%
MP   0/6         EV 12     Int 16      God:
Gold 141         SH  0     Dex 15      Spells:  2 memorised,  0 levels left

Res.Fire  : . . .   See Invis. : .   (no weapon)
Res.Cold  : + . .   Warding    : .   a - +0 robe
Life Prot.: . . .   Conserve   : .   (no shield)
Res.Poison: .       Res.Corr.  : .   (helmet restricted)
Res.Elec. : .       Clarity    : .   (no cloak)
Sust.Abil.: . .     Spirit.Shd : .   (no gloves)
Res.Mut.  : .       Stasis     : .   (boots unavailable)
Res.Rott. : .       Flight     : .   (no amulet)
Saprovore : . . .                    (no ring)
                                     (no ring)

@: not resistant to hostile enchantments, fairly stealthy
A: beak, talons 3, blurry vision 1, cold resistance 1, Dex +1
a: no special abilities


You were on level 2 of the Dungeon.
You were very full.

You visited 1 branch of the dungeon, and saw 2 of its levels.

You collected 121 gold pieces.

Inventory:

Armour
 a - a +0 robe (worn)
Comestibles
 c - 2 bread rations
Scrolls
 d - 2 scrolls of identify {unknown}
 e - a scroll of fear {unknown}
 f - a scroll of noise {unknown}
 h - a scroll of curse jewellery {unknown}
 i - a scroll of enchant weapon II {unknown}
 j - a scroll of fog {unknown}
 m - a scroll of recharging {unknown}
Books
 b - a book of Flames

   Spells                             Type                      Level
   *Flame Tongue                      Conjuration/Fire             1
   Throw Flame                        Conjuration/Fire             2
   *Conjure Flame                     Conjuration/Fire             3
   Inner Flame                        Hexes/Fire                   3
   Sticky Flame                       Conjuration/Fire             4
   Fireball                           Conjuration/Fire             5


   Skills:
 - Level 2.1 Dodging
 - Level 2.0 Stealth
 - Level 1.0 Spellcasting
 * Level 3.1 Conjurations
 + Level 4.2 Fire Magic


You couldn't memorise any spells.
You knew the following spells:

 Your Spells              Type           Power        Failure   Level  Hunger
a - Flame Tongue          Conj/Fire      ##...        8%          1    ##.....
b - Conjure Flame         Conj/Fire      ##......     17%         3    ####...


Dungeon Overview and Level Annotations

Branches:
Dungeon (2/27)

Altars:

Annotations
D:2 Terence


Innate Abilities, Weirdness & Mutations

You have a beak for a mouth.
You have claws for feet.
You are agile (Dex +1).
Your vision is a little blurry.
Your flesh is cold resistant.


Message History

Aiming: Flame Tongue
Press: ? - help, Shift-Dir - straight line, f/p - Terence
Aim: Terence, wielding a flail and wearing a dwarven ring mail (moderately wounded)
The flame hits Terence.
Terence is heavily wounded.
Casting: Flame Tongue
Confirm with . or Enter, or press ? or * to list all spells.
Aiming: Flame Tongue
Press: ? - help, Shift-Dir - straight line, f/p - Terence
Aim: Terence, wielding a flail and wearing a dwarven ring mail (heavily wounded)
The flame misses Terence.
Drink which item? (? for menu, Esc to quit)
You feel better.
It was a potion of curing.
Drink which item? (? for menu, Esc to quit)
That potion was really gluggy!
It was a potion of porridge.
Drink which item? (? for menu, Esc to quit)
You feel extremely strange.
You feel agile.
Your vision blurs.
You feel hot for a moment.
It was a potion of mutation.
Are you sure you want to abandon this character and quit the game? (Confirm with "yes".)

#.........########.##########
#.........# #.# ####'######
#.# #.## #.# #..# #.#
###.####### ####'#####
#.......).# #........######
#.........###........'...##
#.........@.#........###..#
#.........#ยง#........# ##.#
#.........#@'.@......# #.#
#.........###........# #.#
#.........# #.......># #..
########### #........# ###
########## #


You could see Terence.

Vanquished Creatures
  Ijyb (D:2)
  An adder (D:2)
  A giant gecko (D:1)
  An ooze (D:2)
  2 goblins
  2 hobgoblins (D:2)
  3 bats (D:1)
  6 kobolds
  3 rats (D:1)
20 creatures vanquished.

Notes
Turn   | Place    | Note
--------------------------------------------------------------
     0 | D:1      | Kae, the Tengu Fire Elementalist, began the quest for the Orb.
     0 | D:1      | Reached XP level 1. HP: 10/10 MP: 3/3
   510 | D:1      | Reached XP level 2. HP: 12/15 MP: 1/5
   843 | D:2      | Noticed Ijyb
   884 | D:2      | Killed Ijyb
   884 | D:2      | Reached skill level 4 in Fire Magic
   884 | D:2      | Reached XP level 3. HP: 2/19 MP: 1/6
  1530 | D:2      | Noticed Terence
  1537 | D:2      | Learned a level 3 spell: Conjure Flame
  1891 | D:2      | Gained mutation: You are agile (Dex +1). [potion of mutation]
  1891 | D:2      | Gained mutation: Your vision is a little blurry. [potion of mutation]
  1891 | D:2      | Gained mutation: Your flesh is cold resistant. [potion of mutation]
  1892 | D:2      | Quit the game

Action                   || total
-------------------------++-------
Melee: Unarmed           ||    11
 Cast: Flame Tongue      ||    49
       Conjure Flame     ||     2
  Use: Potion            ||     4
